 Dungeon Crawl Stone Soup version 0.30.1-4-g462c640d31 (webtiles) character file.

Game seed: 12333328660316342886

21 croobank the Insei (level 2, 0/18 HPs)
             Began as an Octopode Transmuter on Sept 7, 2023.
             Slain by Natasha (6 damage)
             ... on level 2 of the Dungeon.
             The game lasted 00:02:58 (1079 turns).

croobank the Insei (Octopode Transmuter)            Turns: 1079, Time: 00:02:59

Health: 0/18       AC:  1    Str:  9    XL:     2   Next: 87%
Magic:  3/5        EV: 13    Int: 15    God:
Gold:   55         SH:  0    Dex: 12    Spells: 2/5 levels left

rFire   . .          .
                       - Unarmed
rCold   . . .        (no shield)
rNeg    . . .        (helmet restricted)
rPois   .            (no amulet)
rElec   .            (no ring)
rCorr   .            (no ring)
SInv    .            (no ring)
Will    .....        (no ring)
Stlth   ++           (no ring)
HPRegen 0.23/turn    (no ring)
MPRegen 0.09/turn    (no ring)
                     (no ring)

%: no passive effects
@: wereblooded, slowed, very slow
A: almost no armour, amphibious, 8 rings, camouflage 1, gelatinous body 1,
(nimble swimmer 1), tentacles
a: no special abilities


You were on level 2 of the Dungeon.
You visited 1 branch of the dungeon, and saw 2 of its levels.

You collected 55 gold pieces.

Inventory:

Hand Weapons
 c - a +0 dagger
 d - a +0 short sword
 g - a +3 long sword of holy wrath
Missiles
 i - 3 poisoned darts
Scrolls
 b - 2 scrolls of identify {unknown}
 f - a scroll of teleportation {unknown}
 j - a scroll of poison {unknown}
 k - a scroll of fog {unknown}
Potions
 a - a potion of lignification
 e - a potion of flight {unknown}
 h - a potion of mutation {unknown}


   Skills:
 + Level 1.4 Fighting
 + Level 2.2 Dodging
 + Level 3.2 Unarmed Combat
 + Level 2.2 Spellcasting
 + Level 2.3 Transmutations


You had 2 spell levels left.
You knew the following spells:

 Your Spells              Type           Power      Damage    Failure   Level
a - Beastly Appendage     Tmut           16%        N/A       9%          1
b - Wereblood             Tmut           8%         N/A       13%         2

Your spell library contained the following spells:

 Spells                   Type           Power      Damage    Failure   Level
 Spider Form              Tmut/Pois      5%         N/A       38%         3
 Ice Form                 Ice/Tmut       5%         N/A       80%         4


Dungeon Overview and Level Annotations

Branches:
Dungeon (2/15)

Altars:

Shops:
D:1 :

Annotations:
D:2 Natasha


Innate Abilities, Weirdness & Mutations

You cannot wear most types of armour.
You are amphibious.
You can wear up to eight rings at the same time.
Your skin changes colour to match your surroundings (Stealth+).
Your rubbery body absorbs attacks. (AC +1, EV +1)
((You are camouflaged when in or above water. (Stealth+)))
You have tentacles for arms and can constrict up to eight enemies at once.


Message History

Natasha, Servant of Life and Death comes into view.
Casting: Beastly Appendage (safe; 9% risk of failure)
Confirm with . or Enter, or press ? or * to list all spells.
Your blood is infused with primal strength.
No target in view!
No target in view!
No target in view!
Your transformation is almost over.
Natasha casts a spell at you.
You feel yourself slow down.
The ball python barely misses you. x2; Natasha closely misses you.
You miss Natasha. You grab Natasha.
You pierce Natasha, but do no damage.
You constrict Natasha, but do no damage.
The ball python barely misses you. The ball python closely misses you.
Natasha barely misses you. The ball python closely misses you.
The ball python misses you.
You tentacle-slap Natasha.
Your tentacle spike misses Natasha.
Natasha is lightly wounded.
You constrict Natasha.
The ball python bites you but does no damage.
The ball python grabs you. The ball python constricts you.
Natasha completely misses you.
The ball python bites you but does no damage.
The ball python constricts you.
You tentacle-slap Natasha.
Natasha is moderately wounded.
You constrict Natasha.
Natasha mumbles some strange words.
The ball python bites you. The ball python constricts you. Natasha claws you.
You tentacle-slap the ball python. Your grab misses the ball python.
You pierce the ball python.
You feel a bit better.
You kill the ball python!
You constrict Natasha. Natasha barely misses you.
You tentacle-slap Natasha.
You pierce Natasha.
Natasha is almost dead.
Your tentacle spike disappears.
You constrict Natasha.
The cerulean imp hits you from afar with a +0 spear.
Natasha claws you.
You die...

.######
.......
.......
......5##
#..†h#
#@#####
#.....#
#####.# #.##
#..# ##.##
#..########
##.>......#
##.......###


You could see Natasha and a cerulean imp (summoned).

Vanquished Creatures
  2 ball pythons
  3 endoplasms (D:1)
  2 goblins (D:1)
  A hobgoblin (D:1)
  A quokka (D:2)
  2 bats (D:1)
  A frilled lizard (D:1)
  5 kobolds (D:1)
  2 rats (D:1)
19 creatures vanquished.

Notes
Turn   | Place    | Note
-------+----------+-------------------------------------------
     0 | D:1      | croobank the Octopode Transmuter began the quest for the
                  | Orb.
     0 | D:1      | Reached XP level 1. HP: 13/13 MP: 3/3
   122 | D:1      | Found a faded altar of an unknown god.
   267 | D:1      | Reached XP level 2. HP: 18/18 MP: 3/5
   272 | D:1      | Learned a level 2 spell: Wereblood
   401 | D:1      | Found Zeakhl Ixta's Book Emporium.
  1071 | D:2      | Noticed Natasha
  1079 | D:2      | Slain by Natasha

Illustrated notes

Levels and vault maps discovered:
D:1:      saegor_arrival_simple_c, layout_loops_ring,
          shapermc_ecumenical_altar_totnotflames, serial_shops, shop,
          grunt_decor_mini_mirrors
D:2:      layout_basic, serial_shops, shop, uniq_jessica, uniq_natasha

Action                     || total
---------------------------++-------
  Melee: Unarmed           ||    42
         Kick              ||    16
         Constrict         ||    14
         Tentacles         ||     7
   Cast: Beastly Appendage ||    15
         Wereblood         ||     9
   Stab: Sleeping          ||     1
 Armour: Skin              ||     3
  Dodge: Dodged            ||    28
